 Dungeon Crawl Stone Soup version 0.30-a0-7-g94fe547ab8 (webtiles) character file.

Game seed: 6691569685921664476

65 Plasmagod the Chopper (level 4, -1/25 HPs)
             Began as a Gargoyle Fighter on Aug 23, 2022.
             Slain by an iguana (2 damage)
             ... on level 3 of the Dungeon.
             The game lasted 00:02:13 (1313 turns).

Plasmagod the Chopper (Gargoyle Fighter)            Turns: 1313, Time: 00:02:14

Health: -1/25      AC: 10    Str: 21    XL:     4   Next: 14%
Magic:  4/4        EV:  9    Int:  9    God:
Gold:   80         SH:  4    Dex:  9    Spells: 3/3 levels left

rFire   . . .      SeeInvis .    a - +0 war axe
rCold   . . .      Faith    .    c - +0 buckler
rNeg    + . .      Spirit   .    b - +0 scale mail
rPois   ∞          Reflect  .    (no helmet)
rElec   +          Harm     .    (no cloak)
rCorr   .          Rampage  .    (no gloves)
Will    .....                    (no boots)
Stlth   ..........               (no amulet)
HPRegen 0.08/turn                (no ring)
MPRegen 0.09/turn                (no ring)

@: flying
A: sickness immunity, AC +3, negative energy resistance 1, electricity
resistance, torment resistance 1, petrification resistance, frail 1, MP-powered
wands
a: no special abilities


You were on level 3 of the Dungeon.
You visited 1 branch of the dungeon, and saw 3 of its levels.

You collected 80 gold pieces.

Inventory:

Hand Weapons
 a - a +0 war axe (weapon)
Armour
 b - a +0 scale mail (worn)
 c - a +0 buckler (worn)
Jewellery
 h - a ring of flight
Scrolls
 e - a scroll of enchant armour {unknown}
 f - 3 scrolls of identify {unknown}
 g - a scroll of blinking {unknown}
 j - a scroll of teleportation {unknown}
Potions
 d - a potion of might
 k - a potion of mutation


   Skills:
 - Level 3.2 Fighting
 + Level 3.9 Axes
 - Level 3.2 Armour
 - Level 3.2 Shields


You had 3 spell levels left.
You didn't know any spells.
Your spell library contained the following spells:

 Spells                   Type           Power      Damage    Failure   Level
 Apportation              Tloc           0%         N/A       82%         1
 Alistair's Intoxication  Tmut/Pois      0%         N/A       100%        5


Dungeon Overview and Level Annotations

Branches:
Dungeon (3/15)

Altars:
Okawaru

Shops:
D:1 *   D:2 [

Annotations:
D:3 3 runed translucent doors, OPersze's ghost, amateur DENe


Innate Abilities, Weirdness & Mutations

You are immune to sickness and miasma.
Your stone body is resilient. (AC +3)
You are immune to poison.
You resist negative energy. (rN+)
You are resistant to electric shocks. (rElec)
You are resistant to unholy torment.
You are immune to petrification.
You are frail. (-10% HP)
You expend magic power (3 MP) to strengthen your wands.


Message History

No target in view!
No target in view!
No target in view!
No target in view!
No target in view!
No target in view!
No target in view!
No target in view!
An endoplasm comes into view.
An iguana comes into view.
The iguana hisses angrily.
The endoplasm hits you but does no damage.
You slash the endoplasm!
You kill the endoplasm!
You hit the iguana.
The iguana is moderately wounded.
The iguana bites you!
You hit the iguana.
The iguana is heavily wounded.
The iguana bites you! x2
* * * LOW HITPOINT WARNING * * *
You are too injured to fight recklessly!
You are too injured to fight recklessly!
You are too injured to fight recklessly!
You are too injured to fight recklessly!
You are too injured to fight recklessly!
You are too injured to fight recklessly!
You are too injured to fight recklessly!
You are too injured to fight recklessly!
You are too injured to fight recklessly!
It was a potion of mutation.
You feel extremely strange.
You feel your magical essence link to the dungeon's wands.
You feel frail.
The iguana bites you but does no damage.
It was a potion of magic.
Magic courses through your body.
The iguana bites you but does no damage.
It was a potion of flight.
You feel very buoyant.
You fly up into the air.
The iguana bites you.
You die...

#.##. ####...
... ..##..# ..#
#.##..# ..#
#)##..# ..#
...#..# ..## #.
......#
####...#...
...##.#
#..l.#.....
#.###.# #@...#
#.# #.# #.####
#.###.######.#
#.#
.#...........#
#.#
#.####.#######
#.# #.# #.# #.#
#.####.#
#######.######.
....####
#..............
..###
#....[..#######


You could see an iguana.

Vanquished Creatures
  2 adders (D:2)
  A dart slug (D:3)
  An orc (D:3)
  4 ball pythons
  2 bats
  7 endoplasms
  A giant cockroach (D:2)
  5 goblins
  3 hobgoblins (D:2)
  4 jackals (D:1)
  A frilled lizard (D:1)
  3 kobolds
  5 rats (D:2)
39 creatures vanquished.

Notes
Turn   | Place    | Note
-------+----------+-------------------------------------------
     0 | D:1      | Plasmagod the Gargoyle Fighter began the quest for the Orb.
     0 | D:1      | Reached XP level 1. HP: 14/14 MP: 1/1
    33 | D:1      | Reached XP level 2. HP: 9/19 MP: 2/2
   283 | D:1      | Found a faded altar of an unknown god.
   317 | D:1      | Found Salocoq's Assorted Antiques.
   652 | D:2      | Found Gakked's Armour Shop.
   692 | D:2      | Reached XP level 3. HP: 19/23 MP: 3/3
  1121 | D:2      | Reached XP level 4. HP: 28/28 MP: 4/4
  1271 | D:3      | Found an iron altar of Okawaru.
  1272 | D:3      | Found a runed translucent gate.
  1272 | D:3      | Found a runed translucent gate.
  1272 | D:3      | Found a runed translucent gate.
  1276 | D:3      | Noticed OPersze's ghost (amateur DENe)
  1310 | D:3      | HP: 1/28 [iguana (11)]
  1311 | D:3      | Gained mutation: You expend magic power (3 MP) to
                  | strengthen your wands. [potion of mutation]
  1311 | D:3      | Gained mutation: You are frail. (-10% HP) [potion of
                  | mutation]
  1313 | D:3      | Slain by an iguana

Illustrated notes

Levels and vault maps discovered:
D:1:      heliophobic_arrival_henge, layout_rooms,
          hellmonk_ecumenical_altar_blasted, serial_shops, nicolae_diamond_shop
D:2:      layout_rooms, serial_shops, shop_fountains
D:3:      minmay_diamond_boxcup, layout_loops_ring, jmf_multi_god_temple,
          mainiacjoe_overflow_alcove_2, ebering_ghost_rock_garden

Skill      XL: |  1  2 |
---------------+-------+-----
Axes           | 2 3 |  3.9
Fighting       | |  3.2
Armour         | |  3.2
Shields        | |  3.2

Action                   |  1- 3 |  4- 6 || total
-------------------------+-------+-------++-------
Melee: War axe           |    96 |     8 ||   104
  Use: Potion            |       |     3 ||     3
Armor: Scale mail        |    62 |     5 ||    67
Dodge: Dodged            |    50 |       ||    50
Block: Buckler           |    30 |     3 ||    33

Table legend: (Time is in decaauts)
 A = Elapsed time spent in this place.
 B = Non-inter-level travel time spent in this place.
 C = Inter-level travel time spent in this place.
 D = Time resting spent in this place.
 E = Time spent auto-exploring this place.
 F = Levels seen in this place.
 G = Mean time per level.
                   A        B        C        D        E       F      G
               +--------+--------+--------+--------+--------+-----+--------+
         Total |   1353 |   1330 |     23 |      0 |   1065 |   3 |  451.0 |
       Dungeon |   1353 |   1330 |     23 |      0 |   1065 |   3 |  451.0 |
               +--------+--------+--------+--------+--------+-----+--------+

Top non-repeatable levels by time:
     D:2: 645 daAuts
     D:1: 629 daAuts
     D:3: 78 daAuts
